 Dungeon Crawl Stone Soup version 0.23.1-38-g628c18f423 (webtiles) character file.

Game seed: 3705833885599219571

2639 PentaManta the Slinger (level 9, -3/62 HPs)
             Began as a Halfling Hunter on Mar 29, 2019.
             Was a Priest of Okawaru.
             Killed by divine providence
             ... invoked by an orc priest
              (10 damage)
             ... on level 7 of the Dungeon.
             The game lasted 00:15:44 (5811 turns).

PentaManta the Slinger (Halfling Hunter)            Turns: 5811, Time: 00:15:45

Health: -3/62      AC:  6    Str: 16    XL:     9   Next: 92%
Magic:  9/9        EV: 24    Int:  9    God:    Okawaru [***...]
Gold:   352        SH:  0    Dex: 15    Spells: 8/8 levels left

rFire    . . .     SeeInvis .   b - +0 short sword
rCold    . . .     Gourm    .   (shield restricted)
rNeg     . . .     Faith    .   c - +0 leather armour
rPois    .         Spirit   .   (no helmet)
rElec    .         Reflect  .   k - +0 cloak
rCorr    .         Harm     .   (no gloves)
MR       .....                  m - +1 pair of boots
Stlth    ++........             (no amulet)
HPRegen  0.20/turn              x - +4 ring of evasion
MPRegen  0.11/turn              (no ring)

@: no status effects
A: small, mutation resistance 1
a: Heroism, Renounce Religion


You were on level 7 of the Dungeon.
You worshipped Okawaru.
Okawaru was most pleased with you.
You were not hungry.

You visited 2 branches of the dungeon, and saw 8 of its levels.

You collected 352 gold pieces.

Inventory:

Hand Weapons
 a - a +2 hunting sling
 b - a +0 short sword (weapon)
Armour
 c - a +0 leather armour (worn)
 k - a +0 cloak (worn)
 m - a +1 pair of boots (worn)
Jewellery
 p - an uncursed amulet of harm
 x - a +4 ring of evasion (left hand)
Scrolls
 d - a scroll of amnesia
 g - a scroll of fear
 h - 2 scrolls of remove curse
 l - a scroll of immolation
 o - 2 scrolls of magic mapping
 q - 2 scrolls of fog
 r - 2 scrolls of blinking {unknown}
 t - a scroll of random uselessness {unknown}
Potions
 j - a potion of degeneration
 n - 3 potions of curing
Comestibles
 f - 2 rations


   Skills:
 + Level 6.0 Fighting
 * Level 12.4 Slings
 + Level 8.8 Dodging
 - Level 1.1 Stealth


You had 8 spell levels left.
You didn't know any spells.
Your spell library was empty.

Dungeon Overview and Level Annotations

Branches:
Dungeon (7/15)             Temple (1/1) D:6

Altars:
Ashenzari
Cheibriados
Dithmenos
Elyvilon
Gozag
Hepliaklqana
Kikubaaqudgha
Makhleb
Nemelex Xobeh
Okawaru
Qazlal
Ru
Sif Muna
Trog
Uskayaw
Vehumet
Wu Jian
Xom
Yredelemnul
Zin
The Shining One

Shops:
D:7 :

Annotations:
D:5 vamp
D:6 1 runed translucent door, Tutankhamun's ghost, novice FoFi


Innate Abilities, Weirdness & Mutations

You are small and have problems with some larger weapons.
You are somewhat resistant to further mutation.


Message History

Aim: an orc priest, wielding a +0 dagger and wearing a +2 chain mail of cold resistance (almost dead)
You shoot a stone.
The stone hits the orc priest but does no damage.
The orc priest is almost dead.
The orc priest invokes the aid of Beogh against you.
Beogh smites you!
* * * LOW HITPOINT WARNING * * *
Firing (i - inventory) No suitable missiles.
Press: ? - help, Shift-Dir - straight line, f/p - orc priest
Aim: an orc priest, wielding a +0 dagger and wearing a +2 chain mail of cold resistance (almost dead)
Okay, then.
Wield which item (- for none, * to show all)? (? for menu, Esc to quit)
b - a +0 short sword (weapon)
You hit the orc priest but do no damage.
The orc priest is almost dead.
The orc priest hits you with a +0 dagger.
* * * LOW HITPOINT WARNING * * *
The orc priest mumbles some strange prayers to Beogh against you.
Beogh smites you!
You die...

.......###).#.).)((. (#
#..........(((...#.
..####..........(.(##.o.
..(.........(..o........
........#).........((...
....(....((((....(#####.
...).(..#####...#.#####.
......o.# ##......<...
.......@# #..........
........# #.....######
.......## #......#
#.....# ...#...## ###...
.###...# ##.. ## #...#
### #####


You could see an orc priest.

Vanquished Creatures
  Prince Ribbit (D:7)
  A spriggan (D:7)
  A hungry ghost (D:4)
  A black bear (D:6)
  2 phantoms
  3 centaurs
  5 bullfrogs
  3 scorpions
  A water moccasin skeleton (D:6)
  5 killer bees
  2 howler monkeys (D:7)
  2 crimson imps
  A bullfrog skeleton (D:7)
  A jelly (D:6)
  2 orc priests (D:7)
  An orc wizard (D:3)
  4 hounds
  Crazy Yiuf (D:4)
  Jessica (D:2)
  6 worker ants
  Ijyb (D:3)
  An iguana (D:6)
  A hound zombie (D:7)
  A hound skeleton (D:4)
  3 gnolls (D:3)
  7 adders
  A shadow imp (D:6)
  2 oozes
  2 worms
  2 dart slugs
  7 leopard geckos
  12 orcs
  5 bats
  8 giant cockroaches
  7 goblins
  15 hobgoblins
  11 jackals
  4 kobolds
  2 ball pythons (D:4)
  7 frilled lizards
  A quokka skeleton (D:4)
  A quokka zombie (D:6)
  3 rats
148 creatures vanquished.

Vanquished Creatures (others)
  2 orcs (D:3)
  A quokka (D:3)
3 creatures vanquished.

Grand Total: 151 creatures vanquished

Notes
Turn   | Place    | Note
-------+----------+-------------------------------------------
     0 | D:1      | PentaManta the Halfling Hunter began the quest for the Orb.
     0 | D:1      | Reached XP level 1. HP: 14/14 MP: 1/1
   123 | D:1      | Reached skill level 6 in Slings
   123 | D:1      | Reached XP level 2. HP: 19/19 MP: 2/2
   756 | D:2      | Reached XP level 3. HP: 24/24 MP: 3/3
   800 | D:2      | Noticed Jessica
   802 | D:2      | Killed Jessica
   802 | D:2      | Reached XP level 4. HP: 29/29 MP: 4/4
   881 | D:2      | Found an iron altar of Okawaru.
   895 | D:2      | Became a worshipper of Warmaster Okawaru
  1509 | D:3      | Reached XP level 5. HP: 35/35 MP: 5/5
  1831 | D:3      | Found a snail-covered altar of Cheibriados.
  1874 | D:3      | Reached skill level 7 in Slings
  1900 | D:3      | Found a white marble altar of Elyvilon.
  2018 | D:3      | Reached XP level 6. HP: 41/41 MP: 6/6
  2208 | D:3      | Noticed Ijyb
  2230 | D:3      | Killed Ijyb
  2230 | D:3      | Reached skill level 5 in Dodging
  2429 | D:4      | Reached * piety under Okawaru
  2475 | D:4      | Found a burning altar of Makhleb.
  2644 | D:4      | Noticed a hungry ghost
  2674 | D:4      | Killed a hungry ghost
  2674 | D:4      | Reached XP level 7. HP: 45/46 MP: 7/7
  2754 | D:4      | Found a sacrificial altar of Ru.
  2804 | D:4      | Found a glowing silver altar of Zin.
  2826 | D:4      | Found an opulent altar of Gozag.
  2957 | D:4      | Reached skill level 8 in Slings
  3078 | D:4      | Found a runed translucent door.
  3079 | D:4      | Noticed Crazy Yiuf
  3087 | D:4      | Killed Crazy Yiuf
  3156 | D:5      | Entered Level 5 of the Dungeon
  3457 | D:5      | Noticed a vampire
  3709 | D:6      | Reached XP level 8. HP: 49/54 MP: 8/8
  3779 | D:6      | Found a runed translucent door.
  3781 | D:6      | Noticed Tutankhamun's ghost (novice FoFi)
  4048 | D:6      | Noticed a shadow
  4185 | D:6      | Reached skill level 9 in Slings
  4316 | D:6      | Reached ** piety under Okawaru
  4375 | D:6      | Found a staircase to the Ecumenical Temple.
  4462 | Temple   | Entered the Ecumenical Temple
  4596 | D:7      | Reached skill level 10 in Slings
  4661 | D:7      | Reached XP level 9. HP: 58/60 MP: 9/9
  4689 | D:6      | Reached skill level 5 in Fighting
  5161 | D:7      | Reached skill level 11 in Slings
  5255 | D:7      | Reached *** piety under Okawaru
  5256 | D:7      | Noticed Prince Ribbit
  5643 | D:7      | Found Teoges's Book Emporium.
  5683 | D:7      | Killed Prince Ribbit
  5683 | D:7      | Reached skill level 12 in Slings
  5811 | D:7      | Killed from afar by an orc priest

Skill      XL: |  1  2  3  4  5  6  7  8  9 |
---------------+----------------------------+-----
Slings         | 6 7 8 10 12 | 12.4
Fighting       | 2 3 4 6 |  6.0
Dodging        | 3 4 5 6 7 8 |  8.8
Stealth        | |  1.1

Action                   |  1- 3 |  4- 6 |  7- 9 || total
-------------------------+-------+-------+-------++-------
Melee: Short sword       |       |       |    67 ||    67
 Fire: Hunting sling     |    52 |   318 |   411 ||   781
Invok: Heroism           |       |       |     2 ||     2
Evoke: Wand              |       |       |    26 ||    26
  Use: Scroll            |       |       |    10 ||    10
       Potion            |       |       |    10 ||    10
 Stab: Paralysed         |       |       |     1 ||     1
  Eat: Chunk             |       |     4 |     2 ||     6
       Ration            |       |     1 |     3 ||     4
Armor: Leather armour    |     1 |    44 |    33 ||    78
Dodge: Dodged            |     4 |   163 |   344 ||   511
